 Dungeon Crawl Stone Soup version bcrawl-1.13.1 (webtiles) character file.

Game seed: 6688338262387445797

70 Revguard the Ducker (level 4, -1/36 HPs)
             Began as a Draconian Archaeologist on Aug 3, 2019.
             Slain by a worker ant (2 damage)
             ... on level 2 of the Dungeon.
             The game lasted 00:03:21 (1270 turns).

Revguard the Ducker (Draconian Archaeologist)       Turns: 1270, Time: 00:03:22

Health: -1/36      AC:  9    Str: 12 (13) XL:     4   Next: 4%
Magic:  5/5        EV: 13    Int: 13 (14) God:
Gold:   25         SH:  0    Dex:  8 (11) Spells: 3/3 levels left

rFire    . . .     SeeInvis .   n - +0 dagger
rCold    . . .     Gourm    .   (no shield)
rNeg     . . .     Faith    .   (armour unavailable)
rPois    .         Spirit   .   b - +1 hat
rElec    .         Reflect  .   (no cloak)
rCorr    .         Harm     .   (no gloves)
MR       .....                  c - +2 pair of boots
Stlth    ++........             (no amulet)
HPRegen  0.12/turn              (no ring)
MPRegen  0.09/turn              (no ring)

@: lethally poisoned (-1 -> -15), studying Long Blades
A: unfitting armour, cold-blooded, AC +5
a: no special abilities


You were on level 2 of the Dungeon.
You were hungry.

You visited 1 branch of the dungeon, and saw 2 of its levels.

You collected 115 gold pieces.
You spent 90 gold pieces at shops.

Inventory:

Hand Weapons
 n - a +0 dagger (weapon)
Armour
 b - a +1 hat (worn)
 c - a +2 pair of boots (worn)
Wands
 h - a wand of paralysis (11)
Scrolls
 k - a scroll of noise {unknown}
Potions
 l - a potion of heal wounds
 m - 3 potions of curing
Books
 d - a manual of Long Blades
Miscellaneous
 e - an ancient crate
Comestibles
 a - a chunk of flesh
 f - 2 rations {!d}


   Skills:
 * Level 2.0 Fighting
 + Level 0.1(0.4) Short Blades
 * Level 0.6(0.7) Long Blades
   Level 1.1 Maces & Flails
 + Level 3.6 Dodging
 - Level 3.0 Stealth
 * Level 1.6 Evocations


You had 3 spell levels left.
You didn't know any spells.
Your spell library was empty.

Dungeon Overview and Level Annotations

Branches:
Dungeon (2/12)

Altars:
Zin


Innate Abilities, Weirdness & Mutations

Your plain brown scales are hard. (AC +5)
You cannot fit into any form of body armour.
You are cold-blooded and may be slowed by cold attacks.


Message History

You feel sick. The worker ant closely misses you.
You hit the worker ant but do no damage.
The worker ant is moderately wounded.
You feel sick.
The worker ant bites you but does no damage.
You hit the worker ant but do no damage.
The worker ant is moderately wounded.
* * * LOW HITPOINT WARNING * * *
You feel sick.
The worker ant waves its antennae.
The worker ant bites you!
* * * LOW HITPOINT WARNING * * *
You are more poisoned.
The worker ant poisons you!
You hit the worker ant but do no damage.
You tail-slap the worker ant, but do no damage.
The worker ant is moderately wounded.
* * * LOW HITPOINT WARNING * * *
You feel sick. The worker ant bites you.
You die...

.......%.......##.##.#.)..
.####...######.#.....#....
###..)### #.......#....
#...(...# ###..####..#.
#.#...#.# ###........#.
.###.##.#...#.#
#........#####
............#w# #..#.....#
# #.#..##.#####a#
#####....# P# #.
#.#####@##.. ####.# .P. ..
#.....).### ..#..b# #.
#.####### #.#b .# # #..
###. .# ... P# K.. b# .#
.# .#


You could see a worm and a worker ant.

Vanquished Creatures
  An adder (D:2)
  2 oozes (D:1)
  2 worms (D:2)
  2 leopard geckos
  A giant cockroach (D:2)
  9 goblins
  3 hobgoblins
  5 jackals
  9 bats
  3 kobolds
  5 rats
42 creatures vanquished.

Notes
Turn   | Place    | Note
-------+----------+-------------------------------------------
     0 | D:1      | Revguard the Draconian Archaeologist began the quest for
                  | the Orb.
     0 | D:1      | Reached XP level 1. HP: 16/16 MP: 1/1
    79 | D:1      | Reached skill level 1 in Evocations
    88 | D:1      | Reached XP level 2. HP: 13/23 MP: 2/2
   428 | D:1      | Reached XP level 3. HP: 18/28 MP: 3/3
   768 | D:2      | Found Zin's Purification Station.
   768 | D:2      | Found a glowing silver altar of Zin.
   793 | D:2      | Bought a potion of curing for 90 gold pieces
   994 | D:2      | Reached XP level 4. HP: 13/36 MP: 5/5
  1270 | D:2      | HP: 1/36 [poisoned by a worker ant]
  1270 | D:2      | Slain by a worker ant

Skill      XL: |  1  2  3 |
---------------+----------+-----
Evocations     | 1 |  1.6
Dodging        | 3 |  3.6
Fighting       | 2 |  2.0
Short Blades   | |  0.1
Long Blades    | |  0.6
Maces & Flails | |  1.1
Stealth        | |  3.0

Action                   |  1- 3 |  4- 6 || total
-------------------------+-------+-------++-------
Melee: Whip              |    95 |       ||    95
       Tailslap          |    11 |     3 ||    14
       Dagger            |   107 |    42 ||   149
  Use: Scroll            |     4 |       ||     4
       Potion            |     3 |       ||     3
 Stab: Sleeping          |     8 |       ||     8
  Eat: Chunk             |       |     1 ||     1
Armor: Skin              |   101 |    14 ||   115
Dodge: Dodged            |   181 |    27 ||   208
